Map: Jagannatha LE

Players

Maru

  • Race: Terran Terran
  • Spawn Location: 7:00

TYTY (TY) - Winner!

  • Race: Terran Terran
  • Spawn Location: 1:00

Event: IEM Katowice 2021

VOD

Have the link to the VOD?

Description

Time

  • Played on: Feb. 22, 2021, 9:55 a.m.
  • Length: 24:13

All games in this series

Show
View Real Time Build Order
Export as new Build Order

Maru Terran 

Build Orders:  

Get SALT Encoding   

  12  0:00  SCV  
  13  0:12  SCV  
  14  0:16  Supply Depot  
  14  0:24  SCV  
  15  0:38  SCV  
  15  0:40  Barracks  
  16  0:43  Refinery  
  16  0:50  SCV  
  16  0:53  Refinery  
  17  1:02  SCV  
  18  1:14  SCV  
  19  1:26  Reaper, Orbital Command  
  19  1:29  Supply Depot  
  20  1:43  Factory  
  20  1:52  SCV  
  21  1:59  Reaper  
  22  2:04  SCV  
  23  2:16  SCV  
  24  2:23  Command Center  
  24  2:28  Hellion  
  26  2:32  SCV  
  26  2:34  Reaper  
  28  2:40  Supply Depot  
  28  2:44  SCV  
  28  2:49  Hellion  
  31  2:56  Starport  
  31  3:01  SCV  
  32  3:08  Barracks Reactor  
  32  3:11  Factory Tech Lab  
  32  3:13  SCV  
  33  3:25  SCV  
  34  3:30  Cyclone  
  37  3:34  Starport Tech Lab  
  37  3:37  SCV  
  37  3:45  Marine x2  
  38  3:48  SCV  
  38  3:52  Raven  
  41  3:55  SCV  
  42  4:06  Orbital Command  
  42  4:10  Siege Tank, Refinery  
  42  4:15  SCV  
  46  4:20  Marine x2  
  47  4:25  Supply Depot  
  47  4:27  SCV  
  48  4:33  SCV  
  49  4:39  SCV  
  49  4:41  Command Center  
  49  4:43  Raven  
  49  4:45  SCV  
  51  4:51  SCV  
  52  4:57  SCV, Siege Tank  
  56  5:03  SCV  
  56  5:04  Refinery  
  56  5:08  Supply Depot  
  56  5:09  SCV  
  56  5:11  Marine x2  
  59  5:16  SCV  
  59  5:19  Supply Depot  
  60  5:21  SCV  
  60  5:28  SCV  
  62  5:29  Siege Tank  
  62  5:33  SCV  
  66  5:40  SCV, Viking  
  66  5:41  Barracks, Viking  
  71  5:45  Barracks  
  71  5:46  SCV  
  71  5:48  Stimpack, Marine  
  73  5:52  SCV  
  73  5:54  Orbital Command  
  73  6:03  SCV, Siege Tank  
  77  6:04  SCV  
  78  6:12  Engineering Bay x2  
  78  6:18  SCV x2  
  78  6:21  Marine  
  79  6:26  Viking x2  
  79  6:30  SCV  
  81  6:35  SCV, Barracks Reactor x2  
  81  6:38  Siege Tank  
  81  6:39  Marine  
  85  6:40  SCV  
  85  6:42  SCV  
  86  6:50  Supply Depot  
  86  6:51  Supply Depot  
  86  6:56  Marine  
  85  7:10  Siege Tank  
  85  7:13  Marine x3  
  85  7:14  Viking  
  85  7:15  Viking, Orbital Command  
  93  7:18  SCV x2  
  93  7:20  Marine x2  
  96  7:30  SCV  
  96  7:31  Marine x2  
  96  7:32  SCV  
  96  7:35  Marine  
  101  7:37  Combat Shield  
  101  7:38  Marine x2  
  101  7:39  Supply Depot  
  101  7:41  SCV  
  101  7:44  Viking  
  101  7:45  Viking  
  101  7:49  SCV x2, Marine  
  108  7:53  SCV  
  109  8:01  Supply Depot, Marine x2  
  109  8:02  Marine x2  
  109  8:08  SCV  
  107  8:13  SCV x2  
  107  8:17  Medivac x2  
  113  8:20  SCV  
  113  8:23  Terran Infantry Weapons Level 1, Terran Infantry Armor Level 1  
  113  8:25  SCV x2  
  113  8:26  Marine  
  113  8:32  SCV, Marine  
  110  8:37  SCV x2, Refinery  
  110  8:40  Refinery  
  101  8:44  SCV  
  101  8:49  SCV  
  101  8:50  SCV  
  102  8:56  SCV, Siege Tank  
  102  9:02  SCV x2  
  108  9:03  Marine x4  
  108  9:06  Sensor Tower  
  108  9:08  SCV, Barracks  
  113  9:10  Barracks, Armory  
  113  9:14  SCV x2  
  115  9:19  Supply Depot  
  115  9:20  SCV  
  116  9:24  Command Center  
  116  9:26  SCV x2  
  116  9:30  Marine x4  
  122  9:33  SCV  
  122  9:37  Supply Depot  
  122  9:38  Supply Depot  
  123  9:41  Factory  
  123  9:42  Siege Tank  
  123  9:43  Barracks Reactor  
  126  9:46  SCV x2  
  126  9:48  Marine x3  
  126  9:50  SCV  
  132  9:55  Armory  
  132  9:58  SCV  
  132  9:59  SCV  
  134  10:00  Barracks Reactor x2  
  134  10:01  Supply Depot  
  134  10:02  Terran Vehicle Weapons Level 1  
  134  10:14  SCV x3, Siege Tank  
  134  10:16  Viking x2  
  134  10:20  Command Center, Terran Infantry Armor Level 2, Terran Infantry Weapons Level 2  
  143  10:26  SCV x3  
  146  10:35  Sensor Tower  
  146  10:41  SCV  
  146  10:42  SCV x2  
  149  10:44  Terran Vehicle And Ship Armor Level 1  
  149  10:46  Viking x2  
  149  10:49  Siege Tank x2  
  158  10:52  Supply Depot  
  158  10:53  Refinery x2  
  158  10:58  Marine x3  
  158  10:59  Marine x3  
  164  11:15  Starport x2  
  164  11:17  Marine x3  
  164  11:18  Marine x3  
  169  11:21  Siege Tank x2  
  169  11:22  Supply Depot, Planetary Fortress  
  176  11:28  Marine x2  
  173  11:34  Marine x2  
  162  11:48  Liberator  
  162  11:53  Siege Tank x2  
  171  11:55  Liberator  
  171  11:57  SCV  
  171  11:58  SCV  
  176  12:01  Command Center  
  176  12:04  Marine x2  
  176  12:13  Terran Vehicle Weapons Level 2  
  176  12:18  Viking x2  
  180  12:26  Marine x2  
  180  12:28  Command Center  
  182  12:30  Viking  
  184  12:45  Orbital Command  
  184  12:49  Refinery  
  170  12:53  Terran Infantry Weapons Level 3, Marine x2, Terran Infantry Armor Level 3  
  162  13:02  Starport Tech Lab  
  162  13:04  Viking x3  
  168  13:11  Sensor Tower  
  168  13:14  Marine  
  168  13:15  Marine x3  
  168  13:18  SCV  
  165  13:22  Raven  
  165  13:24  SCV  
  165  13:26  Marine x4  
  172  13:32  Marine x4  
  176  13:34  Viking  
  176  13:35  Command Center  
  176  13:39  Supply Depot, Terran Vehicle And Ship Armor Level 2  
  178  13:44  Starport Tech Lab  
  178  13:49  Sensor Tower  
  178  13:56  Command Center  
  178  13:57  Marine x5  
  178  13:58  Marine x2  
  185  14:05  Raven  
  185  14:06  Corvid Reactor, Siege Tank x2  
  191  14:27  Raven  
  191  14:28  Viking  
  191  14:30  Marine x4  
  200  14:34  Planetary Fortress  
  168  14:47  Marine x3, Viking  
  168  14:48  Raven, Marine x3  
  173  14:54  SCV x2  
  173  14:56  Marine x2  
  173  14:58  Viking  
  172  15:04  Siege Tank  
  172  15:05  Marine x4  
  172  15:06  SCV x2  
  171  15:10  Viking  
  171  15:11  Marine x2  
  145  15:14  Marine x2  
  145  15:19  Medivac  
  135  15:23  Marine x4, Siege Tank  
  135  15:28  Medivac, Marine x2  
  141  15:31  Medivac  
  141  15:32  Marine  
  141  15:35  Marine  
  144  15:36  Siege Tank  
  144  15:41  Marine x4  
  138  15:46  Marine  
  138  15:47  Barracks  
  138  15:48  Marine  
  138  15:49  Medivac, Marine  
  142  15:50  Orbital Command  
  142  15:52  Marine  
  142  15:55  Siege Tank  
  147  15:58  Medivac, Raven, Marine  
  147  16:01  Raven  
  147  16:02  Marine x3  
  157  16:04  Marine  
  154  16:19  Marine  
  154  16:22  Marine x4  
  154  16:23  Marine x2  
  154  16:24  Marine  
  127  16:26  Siege Tank  
  127  16:28  Siege Tank  
  129  16:37  Marine  
  130  16:40  Marine  
  130  16:41  Medivac x2  
  130  16:42  Marine x4  
  130  16:46  Marine x2  
  141  16:54  Marine  
  141  16:56  Barracks  
  141  16:59  Marine x2  
  141  17:00  Marine  
  141  17:01  Siege Tank  
  147  17:12  Marine x5  
  147  17:13  Marine  
  153  17:17  Marine x2  
  153  17:22  Marine  
  156  17:23  Raven x2  
  160  17:30  Marine  
  160  17:31  Marine  
  162  17:38  Marine x2  
  162  17:41  Marine x4  
  162  17:43  Marine  
  162  17:46  Marine  
  162  17:47  Marine  
  162  17:49  Marine  
  157  17:56  Marine x2  
  157  17:58  Siege Tank  
  162  17:59  Marine x4  
  162  18:01  Marine  
  162  18:04  Marine  
  160  18:05  Raven  
  160  18:06  Marine  
  153  18:14  Marine x3  
  153  18:17  Marine x2  
  153  18:19  Marine  
  151  18:21  Marine  
  151  18:24  Marine  
  151  18:26  Siege Tank  
  150  18:29  Marine  
  150  18:32  Marine x2  
  147  18:34  Marine  
  147  18:35  Marine  
  147  18:37  Marine  
  147  18:39  Marine  
  151  18:42  Marine  
  151  18:47  Marine  
  142  18:49  Marine  
  142  18:50  Marine  
  142  18:55  Orbital Command  
  123  18:56  Marine  
  123  19:01  Marine x3  
  127  19:07  Marine, Siege Tank  
  127  19:08  Siege Tank  
  127  19:09  Medivac x2  
  132  19:12  Marine  
  133  19:21  Marine x2  
  135  19:32  Marine  
  135  19:37  Marine x2  
  129  19:39  Marine x2, Siege Tank  
  129  19:40  Siege Tank  
  129  19:42  Marine x2  
  129  19:43  Marine  
  137  19:50  Marine  
  124  19:55  Marine x2  
  124  19:56  Marine  
  125  20:00  Marine x4  
  129  20:12  Siege Tank  
  132  20:14  Marine  
  132  20:16  Marine x2  
  134  20:22  Marine x4  
  134  20:24  Siege Tank  
  134  20:28  Marine  
  140  20:29  Raven  
  140  20:32  Marine  
  143  20:36  Marine  
  143  20:41  Marine x2  
  137  20:45  Marine x2  
  137  20:53  Marine x3  
  137  20:54  Marine, Siege Tank  
  144  20:58  Raven  
  144  20:59  Marine x2  
  144  21:03  Marine x2  
  144  21:11  Marine x2, Siege Tank  
  144  21:12  Marine x2  
  144  21:17  Marine  
  151  21:23  Marine  
  152  21:27  Marine  
  153  21:34  Marine x4  
  153  21:36  Siege Tank  
  153  21:37  Raven  
  153  21:38  Marine x2  
  164  21:42  Marine  
  164  21:44  SCV, Marine  
  163  21:51  SCV  
  164  21:56  Raven, SCV  
  167  22:03  SCV  
  167  22:07  Marine x2  
  170  22:08  SCV  
  171  22:20  Medivac  
  162  22:35  Marine x8  
  162  22:36  Siege Tank  
  146  22:39  Medivac  
  127  22:50  Medivac  
  127  22:53  Marine x8  
  122  23:11  Marine x8  
  130  23:19  Siege Tank  
  127  23:28  Marine  
  127  23:29  Marine x3  
  122  23:46  Marine x2  
  108  23:49  Marine x2  
  108  23:53  Marine x3  
Show
View Real Time Build Order
Export as new Build Order

TYTY Terran - Winner!

Build Orders: Gas First Reaper Expand, Hellion Opening 

Get SALT Encoding   

  12  0:00  SCV  
  13  0:12  SCV  
  14  0:17  Supply Depot  
  14  0:24  SCV  
  15  0:28  Refinery  
  15  0:38  SCV  
  16  0:44  Barracks  
  16  0:50  SCV  
  17  1:03  SCV  
  18  1:15  SCV  
  19  1:30  Orbital Command  
  19  1:31  Reaper  
  20  1:46  Command Center  
  20  1:54  Factory  
  20  1:57  SCV  
  21  2:06  Supply Depot  
  21  2:07  Barracks Reactor  
  21  2:11  SCV  
  22  2:18  Refinery  
  22  2:23  SCV  
  23  2:36  SCV  
  24  2:43  Starport  
  24  2:46  Hellion x2  
  24  2:48  SCV  
  29  2:55  Barracks Tech Lab  
  29  2:58  Orbital Command  
  30  3:08  Hellion  
  30  3:09  Hellion  
  30  3:10  SCV  
  34  3:18  Orbital Command  
  34  3:23  SCV  
  34  3:26  Raven  
  37  3:29  Hellion  
  37  3:32  Hellion  
  41  3:39  SCV  
  40  3:42  Supply Depot  
  40  3:46  SCV  
  41  3:51  SCV  
  42  3:58  SCV  
  42  3:59  Marine x2, Factory Tech Lab  
  45  4:03  SCV  
  45  4:05  Refinery  
  45  4:10  Raven  
  45  4:11  SCV, Supply Depot  
  45  4:15  SCV  
  45  4:17  Marine x2  
  49  4:23  SCV  
  52  4:27  SCV  
  52  4:29  Supply Depot  
  52  4:30  Supply Depot  
  53  4:33  Siege Tank  
  53  4:34  Marine  
  53  4:35  SCV, Marine  
  59  4:43  SCV  
  60  4:47  SCV  
  61  4:55  SCV  
  61  4:59  SCV  
  63  5:06  Supply Depot, Siege Tank  
  66  5:07  SCV  
  66  5:09  Viking  
  66  5:12  Viking  
  66  5:13  Command Center  
  71  5:14  Marine  
  71  5:16  SCV  
  71  5:20  SCV  
  74  5:28  SCV  
  75  5:29  Refinery  
  75  5:32  SCV  
  75  5:34  Marine  
  77  5:40  SCV  
  77  5:41  Viking  
  77  5:42  Supply Depot, Viking  
  80  5:48  Siege Tank  
  85  5:52  SCV  
  86  5:58  Stimpack  
  86  6:01  Supply Depot  
  86  6:02  Supply Depot x2  
  86  6:03  SCV, Marine  
  88  6:04  SCV  
  89  6:12  Viking  
  89  6:15  SCV  
  90  6:21  SCV, Marine  
  90  6:25  Siege Tank  
  95  6:27  Engineering Bay  
  95  6:28  SCV, Engineering Bay  
  95  6:30  Viking  
  98  6:35  SCV  
  98  6:37  Orbital Command  
  99  6:40  SCV  
  99  6:41  Marine  
  99  6:42  Viking  
  103  6:48  Barracks  
  103  6:50  SCV, Barracks  
  104  6:58  Siege Tank  
  107  7:01  SCV  
  107  7:02  SCV, Viking  
  106  7:10  SCV  
  106  7:12  Marine  
  106  7:13  SCV  
  106  7:14  SCV  
  106  7:18  Viking  
  106  7:22  SCV  
  109  7:25  SCV  
  109  7:26  SCV  
  109  7:28  Terran Infantry Weapons Level 1, Terran Infantry Armor Level 1  
  111  7:32  Supply Depot, Siege Tank  
  111  7:34  SCV  
  113  7:37  SCV  
  114  7:45  Viking  
  114  7:46  Barracks Reactor x2  
  114  7:48  SCV x2  
  114  7:51  Marine  
  118  7:52  SCV  
  118  7:57  Viking  
  122  8:00  SCV x2  
  116  8:15  Viking  
  116  8:16  SCV x2  
  116  8:18  Marine, Siege Tank  
  124  8:24  Marine x3  
  124  8:25  SCV  
  122  8:27  Barracks, Viking  
  122  8:28  SCV x2  
  122  8:30  Marine  
  127  8:36  Marine  
  127  8:40  Refinery  
  128  8:42  Marine x3  
  128  8:45  Refinery  
  128  8:46  Sensor Tower  
  128  8:48  Medivac  
  129  8:49  Armory  
  129  8:51  Command Center  
  129  8:54  SCV x2  
  131  8:55  SCV  
  131  9:01  Marine x4, Combat Shield  
  134  9:04  Barracks  
  134  9:09  Marine, Missile Turret  
  134  9:11  Medivac  
  134  9:12  SCV  
  134  9:16  Barracks Reactor  
  138  9:18  Marine x2, Missile Turret  
  138  9:21  Missile Turret  
  140  9:30  Marine, Supply Depot x2  
  140  9:31  Supply Depot  
  141  9:38  Terran Infantry Weapons Level 2  
  141  9:40  Terran Infantry Armor Level 2  
  141  9:51  Marine x4, Viking  
  141  9:52  Marine, Siege Tank  
  154  9:56  Marine x2, Terran Vehicle Weapons Level 1, Supply Depot  
  154  9:57  Supply Depot, Barracks Reactor  
  152  10:05  SCV x2  
  152  10:06  Refinery  
  155  10:09  Marine x4  
  155  10:10  Marine  
  155  10:11  Refinery, Sensor Tower  
  155  10:14  SCV, Marine  
  162  10:17  SCV x2  
  164  10:25  Siege Tank  
  164  10:26  SCV, Liberator  
  164  10:27  Marine x3  
  164  10:28  Marine x3  
  175  10:29  SCV  
  175  10:31  Liberator  
  175  10:32  Marine  
  179  10:42  Starport  
  179  10:43  Starport  
  179  10:44  Marine x2  
  179  10:45  Marine x2  
  179  10:48  Marine x2  
  184  10:56  Marine  
  184  10:57  Marine  
  185  10:58  Planetary Fortress  
  187  11:08  Siege Tank  
  187  11:09  Viking  
  191  11:11  Marine  
  191  11:12  Marine x4  
  191  11:13  Factory  
  191  11:16  Barracks Reactor  
  196  11:29  Viking  
  191  11:39  Viking  
  174  11:41  Starport Reactor x2  
  174  11:43  Marine x8  
  174  11:44  Siege Tank  
  180  11:50  Terran Vehicle Weapons Level 2, Command Center  
  180  11:53  Marine x2  
  182  11:58  Siege Tank  
  182  12:00  Marine  
  182  12:01  Marine  
  187  12:09  Viking  
  187  12:15  Marine x2  
  195  12:18  Viking  
  195  12:21  Viking  
  195  12:22  Terran Infantry Weapons Level 3, Siege Tank, Terran Infantry Armor Level 3  
  196  12:38  Viking  
  195  12:46  Viking  
  180  12:53  Marine x5  
  180  12:55  Medivac x3  
  180  12:56  Siege Tank x2  
  183  12:59  Marine x3  
  183  13:02  Marine x2  
  188  13:09  Medivac  
  188  13:11  Marine x4  
  182  13:24  Viking x2  
  182  13:25  Viking  
  182  13:27  Armory  
  183  13:28  Marine x6, Siege Tank  
  183  13:29  Marine x3  
  183  13:30  Siege Tank  
  190  13:36  Viking x2  
  190  13:37  SCV  
  190  13:38  SCV x2  
  197  13:45  Viking  
  199  13:58  Planetary Fortress  
  199  14:06  Terran Vehicle And Ship Armor Level 1, Viking x2  
  200  14:15  Terran Ship Weapons Level 1  
  200  14:19  Starport  
  200  14:20  Starport  
  197  14:29  Viking x2  
  195  14:32  Siege Tank  
  198  14:43  Viking x2  
  191  14:46  Viking x2  
  177  14:54  Siege Tank  
  177  14:55  Marine x2  
  177  14:59  Viking  
  183  15:06  Marine x2  
  183  15:07  Marine x2  
  169  15:13  Marine x6  
  169  15:14  Medivac x2  
  153  15:16  Siege Tank  
  154  15:24  Marine x4  
  154  15:26  Siege Tank  
  154  15:27  Medivac x2  
  165  15:29  Starport Tech Lab x2  
  165  15:34  Command Center x2  
  162  15:35  Marine  
  162  15:36  Marine x3  
  162  15:37  Marine x2  
  162  15:43  Medivac  
  162  15:44  Marine x4  
  162  15:48  Siege Tank  
  173  15:51  Raven  
  173  15:53  Raven, Marine  
  173  15:54  Marine x3  
  173  15:55  Marine x2  
  173  15:56  SCV  
  173  15:57  SCV  
  184  15:59  Siege Tank  
  186  16:05  Refinery  
  186  16:06  Refinery  
  186  16:16  Marine  
  179  16:20  Siege Tank  
  179  16:21  Marine x2  
  179  16:22  Marine  
  179  16:23  Marine x2  
  162  16:25  Medivac  
  162  16:26  Marine x2  
  162  16:27  Medivac  
  162  16:28  Marine x2  
  162  16:31  Siege Tank  
  173  16:35  Marine  
  173  16:39  Raven, Marine  
  172  16:44  Marine  
  172  16:45  Marine x5, Refinery  
  172  16:46  Marine x2, Refinery  
  178  16:47  Starport Reactor  
  178  16:48  Planetary Fortress  
  178  16:49  Orbital Command  
  178  16:52  Marine  
  178  16:53  Corvid Reactor  
  179  16:56  Marine  
  180  17:02  Marine x5  
  180  17:03  SCV x2  
  180  17:04  SCV  
  180  17:06  Raven  
  180  17:07  Missile Turret  
  180  17:08  Marine x3  
  192  17:10  Marine  
  192  17:14  Marine  
  195  17:20  Marine x4  
  195  17:22  Raven  
  200  17:44  Marine x3  
  183  17:45  Marine x2  
  183  17:48  Starport Tech Lab  
  183  17:49  Raven, Starport Tech Lab  
  190  17:52  Marine x3  
  190  17:53  Siege Tank x2  
  190  17:55  Marine  
  190  17:58  Neosteel Armor  
  200  18:02  Marine  
  200  18:05  Raven  
  196  18:09  Marine  
  196  18:10  Marine x6  
  196  18:11  Raven  
  190  18:15  Marine  
  190  18:16  Marine  
  182  18:20  Marine  
  182  18:23  Raven  
  182  18:26  Command Center  
  182  18:27  Command Center, Marine x2  
  182  18:28  Marine x2  
  182  18:32  Raven, Marine x3  
  182  18:33  Marine x2  
  185  18:44  Barracks  
  185  18:47  Raven, Barracks  
  171  18:52  Marine x4  
  171  18:53  Marine x6  
  171  18:54  Raven  
  151  19:06  Raven  
  147  19:10  Marine x9  
  147  19:11  Marine  
  147  19:13  SCV x3  
  147  19:15  Raven  
  162  19:20  Liberator x2  
  164  19:28  Marine x10  
  156  19:42  Raven  
  155  19:46  Marine x9  
  159  19:56  Raven, Marine  
  159  19:58  Siege Tank x2  
  154  20:00  Orbital Command  
  154  20:03  Marine  
  154  20:04  Marine x8  
  161  20:14  Marine  
  161  20:15  Viking x2  
  162  20:21  Marine  
  162  20:22  Marine x5  
  162  20:23  Marine x3  
  168  20:30  Siege Tank  
  168  20:31  Planetary Fortress  
  168  20:32  Marine  
  166  20:39  Marine  
  166  20:41  Marine x4  
  142  20:43  Marine x2  
  142  20:45  Raven x2  
  142  20:47  Liberator x2, Orbital Command  
  142  20:49  Marine x2  
  148  20:50  Marine  
  149  20:57  Marine  
  149  20:58  Siege Tank  
  149  20:59  Marine x4  
  149  21:01  Marine  
  158  21:04  Marine  
  158  21:10  SCV x2  
  151  21:14  Marine  
  151  21:15  Marine  
  153  21:20  Marine x4  
  153  21:21  Medivac x2  
  153  21:22  Marine  
  153  21:23  Marine  
  162  21:28  Medivac  
  162  21:29  Marine x3  
  162  21:30  Marine  
  162  21:32  Marine x2  
  163  21:37  Marine x2  
  163  21:38  Marine x2  
  163  21:42  Marine x2  
  156  21:47  Medivac x2, Marine  
  156  21:49  Marine x2  
  156  21:50  Siege Tank  
  165  21:57  Marine x3  
  166  22:02  Marine  
  160  22:17  Supply Depot x2  
  155  22:33  Marine  
  155  22:35  Marine  
  147  22:38  Medivac x2, Marine x5  
  152  22:50  Marine x2  
  154  22:51  Marine x4  
  154  22:53  Marine  
  154  22:57  Marine x2  
  154  22:58  SCV, Marine x2  
  163  23:10  SCV x2  
  157  23:19  Marine x3  
  153  23:20  Marine x3  
  153  23:21  Orbital Command  
  153  23:22  SCV  
  153  23:23  Marine  
  153  23:25  Marine  
  162  23:31  Marine x2  
  163  23:43  Supply Depot, Orbital Command  
  163  23:44  Supply Depot, Marine x4  

Tags
 
Add a new tag
Caveats
  • Supply blocks, unpowered buildings, or Contaminate may cause inaccurate times.
  • Supply counts are checked every 10 seconds.